 Dungeon Crawl Stone Soup version 0.30-b1-2-g02819fbbbe (webtiles) character file.

Game seed: 17816886358180485171

42 Fartwhistle the Cudgeller (level 3, -1/36 HPs)
             Began as an Ogre Gladiator on June 10, 2023.
             Slain by Terence
             ... wielding a +0 short sword
              (3 damage)
             ... on level 3 of the Dungeon.
             The game lasted 00:02:32 (1926 turns).

Fartwhistle the Cudgeller (Ogre Gladiator)          Turns: 1926, Time: 00:02:32

Health: -1/36      AC:  3    Str: 20    XL:     3   Next: 56%
Magic:  3/3        EV: 10    Int: 12    God:
Gold:   178        SH:  0    Dex: 10    Spells: 2/2 levels left

rFire   + . .        o - +7 short sword "Iruhenta" {elec, rElec rF+ Int+3}
rCold   . . .        (no shield)
rNeg    . . .        b - +0 robe
rPois   .            c - +0 hat
rElec   +            (no cloak)
rCorr   .            (gloves unavailable)
SInv    .            (boots unavailable)
Will    .....        (no amulet)
Stlth   +            (no ring)
HPRegen 0.26/turn    (no ring)
MPRegen 0.08/turn

%: no passive effects
@: no status effects
A: large, unfitting armour, tough skin 1
a: no special abilities


You were on level 3 of the Dungeon.
You visited 1 branch of the dungeon, and saw 3 of its levels.

You collected 178 gold pieces.

Inventory:

Hand Weapons
 a - a +0 flail
 o - the +7 short sword "Iruhenta" (weapon) {elec, rElec rF+ Int+3}
   (You found it on level 2 of the Dungeon)

   Int:       It affects your intelligence (+3).
   rF:        It protects you from fire.
   rElec:     It insulates you from electricity.
Missiles
 d - 3 throwing nets (quivered)
 e - a large rock
 i - 6 poisoned darts
Armour
 b - a +0 robe (worn)
 c - a +0 hat (worn)
Scrolls
 f - 2 scrolls of amnesia {unknown}
 g - a scroll of magic mapping {unknown}
 j - a scroll of blinking {unknown}
 m - 2 scrolls of identify {unknown}
 q - a scroll of immolation {unknown}
Potions
 h - 2 potions of curing {unknown}
 k - a potion of flight {unknown}
 l - a potion of attraction {unknown}
 n - a potion of might {unknown}
 p - a potion of ambrosia {unknown}


   Skills:
 - Level 2.7 Fighting
 + Level 3.4 Maces & Flails
 + Level 3.0 Throwing
 - Level 2.7 Dodging


You had 2 spell levels left.
You didn't know any spells.
Your spell library was empty.

Dungeon Overview and Level Annotations

Branches:
Dungeon (3/15)

Altars:

Shops:
D:3 *

Annotations:
D:3 Sigmund, Terence


Innate Abilities, Weirdness & Mutations

You are too large for most types of armour.
You have tough skin. (AC +1)


Message History

Terence is heavily wounded.
Terence hits you with a +0 short sword!
You closely miss Terence.
Terence is heavily wounded.
Terence hits you with a +0 short sword.
You are too injured to fight recklessly!
You are too injured to fight recklessly!
You are too injured to fight recklessly!
You are too injured to fight recklessly!
You are too injured to fight recklessly!
You are too injured to fight recklessly!
Terence attacks as you move away! Terence hits you with a +0 short sword.
You barely miss Terence.
Terence is heavily wounded.
Terence closely misses you.
You hit Terence but do no damage.
Terence is heavily wounded.
Terence hits you with a +0 short sword.
* * * LOW HITPOINT WARNING * * *
You hit Terence.
Terence is severely wounded.
Terence barely misses you.
You hit Terence but do no damage.
Terence is severely wounded.
Terence hits you but does no damage.
You barely miss Terence.
Terence is severely wounded.
Terence closely misses you.
You barely miss Terence.
Terence is severely wounded.
Terence hits you but does no damage.
You hit Terence but do no damage.
Terence is severely wounded.
Terence hits you with a +0 short sword.
* * * LOW HITPOINT WARNING * * *
Terence attacks as you move away! Terence closely misses you.
Terence hits you with a +0 short sword.
* * * LOW HITPOINT WARNING * * *
Terence attacks as you move away! Terence hits you with a +0 short sword.
You die...

..........<.....#..........
.@...##.#.......#........<.
..............#.......†.. ....
..............#.......... ....
.......^.#.####.......#..
...................(.........
.......$.......###......####
.#+#.............# ##.#.....#
......####+#.@...####.#.....#.
.......###.#@...[##...#.......
#........#...'...........
#####......###)..#######.
#.###.######.# #.
####.........# ###.
#+#####...#####...
#............. #......#......


You could see Terence.

Vanquished Creatures
  An adder (D:2)
  A worm (D:2)
  A dart slug (D:1)
  6 ball pythons
  2 endoplasms (D:2)
  A giant cockroach (D:1)
  2 goblins
  4 hobgoblins
  A kobold (D:1)
  3 quokkas
  3 rats
25 creatures vanquished.

Notes
Turn   | Place    | Note
-------+----------+-------------------------------------------
     0 | D:1      | Fartwhistle the Ogre Gladiator began the quest for the Orb.
     0 | D:1      | Reached XP level 1. HP: 22/22 MP: 1/1
   148 | D:1      | Found a faded altar of an unknown god.
   304 | D:1      | Reached XP level 2. HP: 29/29 MP: 2/2
  1106 | D:2      | Reached XP level 3. HP: 36/36 MP: 3/3
  1256 | D:2      | Identified the +7 short sword "Iruhenta" {elec, rElec rF+
                  | Int+3}
  1548 | D:3      | Found Urokh's General Store.
  1563 | D:3      | Noticed Sigmund
  1898 | D:3      | Noticed Terence
  1926 | D:3      | Slain by Terence

Illustrated notes

Levels and vault maps discovered:
D:1:      grunt_arrival_crossed_arrows, layout_basic,
          hellmonk_ecumenical_altar_leap_of_faith
D:2:      layout_rooms
D:3:      layout_basic, serial_shops, nicolae_shop_pleasant_corner_grove,
          nicolae_shop_rolling_square, nicolae_shop_waterfront, shop,
          nicolae_shop_hallway_plus, uniq_sigmund, uniq_terence

Skill      XL: |  1  2  3 |
---------------+----------+-----
Maces & Flails | 3 |  3.4
Throwing       | 3 |  3.0
Fighting       | |  2.7
Dodging        | |  2.7

Action                     || total
---------------------------++-------
  Melee: Flail             ||    58
         Short sword       ||    18
         Punch             ||     1
  Throw: Dart              ||     1
   Stab: Sleeping          ||     1
 Armour: Robe              ||    19
  Dodge: Dodged            ||    39
